 Dungeon Crawl Stone Soup version 0.22.0-38-g04b72b8c25 (webtiles) character file.

11315 Fymir27 the Covert (level 11, -1/80 HPs)
             Began as a Vampire Enchanter on Aug 28, 2018.
             Was an Initiate of Uskayaw.
             Slain by a jumping spider (5 damage)
             ... on level 2 of the Lair of Beasts.
             The game lasted 01:01:51 (11768 turns).

Fymir27 the Covert (Vampire Enchanter)             Turns: 11768, Time: 01:01:52

Health: -1/80      AC:  0    Str:  7    XL:     11   Next: 47%
Magic:  14/15      EV: 14    Int: 22    God:    Uskayaw [......]
Gold:   561        SH:  0    Dex: 19    Spells: 5/16 levels left

rFire    . . .     SeeInvis +   (weapon currently unavailable)
rCold    + . .     Gourm    .   (shield currently unavailable)
rNeg     + + .     Faith    .   (armour currently unavailable)
rPois    +         Spirit   .   (helmet currently unavailable)
rElec    .         Reflect  .   (cloak currently unavailable)
rCorr    .         Harm     .   (gloves currently unavailable)
MR       +....                  (boots currently unavailable)
Stlth    ++++++++..             c - amulet of the acrobat
HPRegen  0.11/turn              (ring currently unavailable)
MPRegen  0.14/turn              (ring currently unavailable)

@: bat-form, flying, held, regenerating slowly, very quick
A: tiny, fangs 3, see invisible
a: End Transformation, Renounce Religion


You were on level 2 of the Lair of Beasts.
You worshipped Uskayaw.
Uskayaw was noncommittal.
You were very thirsty.
You were in vampire-bat-form.
You visited 3 branches of the dungeon, and saw 11 of its levels.
You also visited: Sewer.

You collected 635 gold pieces.
You spent 74 gold pieces at shops.

Inventory:

Hand Weapons
 a - a +2 dagger (melded)
 b - a +1 short sword of venom
 y - a +2 hand axe of electrocution
 z - the +1 hunting sling "Lalaowk" {venom, Str+3 Dex+3 Stlth-}
   (You found it on level 4 of the Dungeon)

   It poisons the ammo it fires.
   It affects your strength (+3).
   It affects your dexterity (+3).
   It makes you less stealthy.
 Q - a +3 trident of piercing
Missiles
 h - 49 sling bullets
 j - 105 poisoned needles
 n - 2 throwing nets
 J - 195 arrows
 N - 13 tomahawks
Armour
 g - a +2 robe (melded)
 r - a +0 helmet (melded)
 s - a +0 pair of gloves (melded)
 R - a +0 pair of boots (melded)
Magical Staves
 I - an uncursed staff of fire
 O - a cursed staff of earth {unknown}
 P - an uncursed staff of energy
Jewellery
 c - an amulet of the acrobat (around neck)
 f - an uncursed ring of wizardry
 k - an uncursed ring of ice
 m - an uncursed ring of protection from cold
 x - a ring of magical power (melded)
 F - an uncursed amulet of faith
 W - a ring of teleportation (melded)
Wands
 D - a wand of acid (6)
 M - a wand of paralysis (10)
 S - a wand of iceblast (4)
Scrolls
 e - 3 scrolls of amnesia
 o - a scroll of enchant weapon
 q - 3 scrolls of blinking
 v - a scroll of enchant armour {unknown}
 w - 4 scrolls of magic mapping {unknown}
 A - 8 scrolls of teleportation {unknown}
 C - a scroll of identify
 E - 6 scrolls of fog {unknown}
 H - a scroll of noise {unknown}
 K - 2 scrolls of immolation {unknown}
 V - a scroll of holy word {unknown}
Potions
 d - 2 potions of blood
 i - a potion of heal wounds
 l - a potion of ambrosia {unknown}
 p - 4 potions of curing
 t - 2 potions of cancellation
 u - 6 potions of agility
 B - 5 potions of flight
 G - 3 potions of might
 L - 2 potions of haste
 T - 2 potions of brilliance {unknown}
 U - a potion of mutation {unknown}


   Skills:
 + Level 5.5 Fighting
 + Level 7.2 Short Blades
 + Level 7.1 Dodging
 + Level 14.0 Stealth
 - Level 3.0 Spellcasting
 * Level 13.2 Hexes
 - Level 5.0 Ice Magic
 + Level 3.9 Invocations


You had 5 spell levels left.
You knew the following spells:

 Your Spells              Type           Power        Failure   Level  Hunger
a - Corona                Hex            ######.      1%          1    None
b - Ensorcelled Hibernat  Hex/Ice        #####.       1%          2    ##.....
c - Confuse               Hex            ######..     1%          3    ###....
d - Tukima's Dance        Hex            ######..     1%          3    ###....
e - Apportation           Tloc           #.....       12%         1    None
f - Animate Skeleton      Necr           N/A          12%         1    None

Your spell library contained the following spells:

 Spells                   Type           Power        Failure   Level  Hunger
 Confusing Touch          Hex            ######       1%          1    None
 Dazzling Spray           Conj/Hex       ####..       2%          3    ###....
 Summon Small Mammal      Summ           #...         12%         1    None


Dungeon Overview and Level Annotations

Branches:
Dungeon (8/15)             Temple (1/1) D:5            Lair (2/6) D:8
 Spider (0/4) Lair:2
  Swamp: Lair:2-4    Shoals: Lair:2-4

Altars:
Ashenzari
Dithmenos
Elyvilon
Fedhas
Gozag
Hepliaklqana
Kikubaaqudgha
Makhleb
Nemelex Xobeh
Okawaru
Qazlal
Ru
Sif Muna
Trog
Uskayaw
Vehumet
Wu Jian
Xom
Yredelemnul
Zin
The Shining One

Shops:
D:4 }   D:5 }   D:7 *


Innate Abilities, Weirdness & Mutations

You heal slowly.
You have razor-sharp teeth.
You have supernaturally acute eyesight. (SInv)
((You can survive without breathing.))


Message History

The redback poisons you!
Put on which piece of jewellery? (? for menu, Esc to quit)
Really remove
F - an amulet of faith?
You remove your amulet of faith.
Uskayaw seems less interested in you.
You feel less pious.
You can no longer stomp with the beat.
The jumping spider leaps!
The redback bites you!
* * * LOW HITPOINT WARNING * * *
The wolf spider hisses angrily.
Your injuries prevent the amulet from attuning itself.
c - an amulet of the acrobat (around neck)
The redback misses you.
You feel better. The redback bites you.
* * * LOW HITPOINT WARNING * * *
You disentangle yourself.
The wolf spider hits you!
* * * LOW HITPOINT WARNING * * *
The wolf spider completely misses you. The jumping spider pounces on you!
* * * LOW HITPOINT WARNING * * *
You are caught in a web!
The jumping spider bites you.
You die...

###.........####.###
##.........###.##.
##.#..#....Z.....
###.......%..... ##.....%%.#####.
###........### ## ##.....###..#
##..s..# #.... #^.§bs# #..... .P#
#..ss^.# #...... #..# #.>..###
#....... ##.. #....# ...
............ #..P #####
....##........... ...#### ##
................. ....#.##.#
.................. ##......[#
...................
.Z.....P.##......................


You could see a wolf spider, a jumping spider and 2 redbacks.

Vanquished Creatures
  4 black mambas (Lair:1)
  4 spiny frogs (Lair:1)
  A rime drake (Lair:2)
  3 komodo dragons
  2 hippogriffs (Lair:1)
  A dancing weapon (D:6)
  A basilisk (D:8)
  A wyvern (D:8)
  11 yaks
  2 hungry ghosts
  3 porcupines
  Duvessa (D:6)
  Purgy (Sewer)
  A hornet zombie (D:8)
  5 water moccasins
  A sky beast (D:6)
  2 black bears (D:8)
  A necrophage (D:7)
  3 orc warriors
  A swamp drake (D:8)
  2 ice beasts
  7 ogres
  9 wolves
  5 crocodiles
  6 centaurs
  A big kobold (D:7)
  A bullfrog (D:7)
  A gnoll sergeant (D:5)
  Dowan (D:6)
  3 scorpions
  4 electric eels
  A bullfrog zombie (D:6)
  6 hounds
  3 jellies
  4 orc wizards
  An orc priest (D:7)
  2 centaur skeletons
  Jessica (D:2)
  Terence (D:2)
  An iguana (D:5)
  5 worker ants
  A worker ant zombie (D:5)
  7 gnolls
  2 howler monkey skeletons
  10 adders
  A shadow imp (D:7)
  4 oozes
  An adder skeleton (D:5)
  4 worms
  3 dart slugs
  2 leopard geckos
  34 orcs
  4 giant cockroaches
  3 goblins
  7 hobgoblins
  6 jackals (D:1)
  3 quokkas
  5 ball pythons
  6 bats
  5 frilled lizards
  A jackal zombie (D:5)
  12 kobolds
  2 leopard gecko skeletons (D:4)
  A quokka skeleton (D:7)
  6 rats (D:1)
244 creatures vanquished.

Vanquished Creatures (collateral kills)
  A yak (Lair:1)
  A porcupine (Lair:2)
  A necrophage (D:8)
  A bullfrog (Lair:2)
  A gnoll (D:5)
  3 orcs (D:8)
8 creatures vanquished.

Vanquished Creatures (others)
  A dancing weapon (D:5)
  3 fungi
4 creatures vanquished.

Grand Total: 256 creatures vanquished

Notes
Turn   | Place    | Note
-------+----------+-------------------------------------------
     0 | D:1      | Fymir27 the Vampire Enchanter began the quest for the Orb.
     0 | D:1      | Reached XP level 1. HP: 13/13 MP: 3/3
   560 | D:1      | Reached XP level 2. HP: 10/19 MP: 1/5
   564 | D:1      | Learned a level 2 spell: Ensorcelled Hibernation
  1061 | D:1      | Reached skill level 5 in Stealth
  1157 | D:1      | Reached skill level 5 in Hexes
  1274 | D:1      | Reached XP level 3. HP: 24/24 MP: 1/6
  1279 | D:1      | Learned a level 3 spell: Confuse
  1998 | D:2      | Reached skill level 1 in Ice Magic
  2090 | D:2      | Noticed Jessica
  2097 | D:2      | Killed Jessica
  2097 | D:2      | Reached XP level 4. HP: 30/30 MP: 7/7
  2435 | D:2      | Noticed Terence
  2438 | D:2      | Killed Terence
  2493 | D:2      | Found a white marble altar of Elyvilon.
  3155 | D:3      | Reached XP level 5. HP: 35/35 MP: 8/8
  3820 | D:3      | Reached skill level 6 in Stealth
  3937 | D:4      | Got a bone hunting sling
  3954 | D:4      | Noticed an ogre
  4513 | D:4      | Found Teipuav's Gadget Shoppe.
  4524 | D:4      | Reached XP level 6. HP: 39/42 MP: 6/9
  4747 | D:4      | Found a glowing drain.
  4762 | Sewer    | Entered a sewer
  4847 | Sewer    | Noticed Purgy
  4862 | Sewer    | Killed Purgy
  4862 | Sewer    | Reached skill level 1 in Fighting
  5070 | D:4      | Reached skill level 7 in Stealth
  5357 | D:4      | Reached XP level 7. HP: 48/48 MP: 9/11
  5408 | D:4      | Learned a level 3 spell: Tukima's Dance
  5982 | D:5      | Entered Level 5 of the Dungeon
  6200 | D:5      | Found Jear Rotu's Gadget Boutique.
  6297 | D:5      | Identified the cursed +1 hunting sling "Lalaowk" {venom, Str+3 Dex+3 Stlth-} (You found it on level 4 of the Dungeon)
  6454 | D:5      | Found a staircase to the Ecumenical Temple.
  6460 | Temple   | Entered the Ecumenical Temple
  6559 | Temple   | Became a worshipper of Uskayaw the Reveler
  6642 | D:5      | Reached skill level 8 in Stealth
  6642 | D:5      | Reached * piety under Uskayaw
  7051 | D:5      | Reached XP level 8. HP: 56/56 MP: 12/12
  7055 | D:5      | Reached ** piety under Uskayaw
  7761 | D:6      | Reached skill level 9 in Stealth
  7776 | D:6      | Noticed Dowan
  7778 | D:6      | Noticed Duvessa
  7780 | D:6      | Killed Dowan
  7800 | D:6      | Killed Duvessa
  7879 | D:6      | Found a hazy altar of Hepliaklqana.
  7879 | D:6      | Found a radiant altar of Vehumet.
  8038 | D:6      | Found a shimmering altar of Xom.
  8039 | D:6      | Found a shimmering altar of Xom.
  8043 | D:6      | Found a shimmering altar of Xom.
  8045 | D:6      | Found a shimmering altar of Xom.
  8192 | D:6      | Reached skill level 10 in Stealth
  8377 | D:7      | Found Janwamor's Assorted Antiques.
  8409 | D:7      | Reached XP level 9. HP: 61/64 MP: 13/13
  8409 | D:7      | Reached *** piety under Uskayaw
  8429 | D:7      | Bought a glowing robe for 74 gold pieces
  8492 | D:7      | Reached skill level 5 in Short Blades
  8547 | D:7      | Found a shattered altar of Ashenzari.
  8710 | D:7      | Reached skill level 10 in Hexes
  9053 | D:7      | Reached skill level 5 in Dodging
  9112 | D:7      | Learned a level 1 spell: Animate Skeleton
  9114 | D:7      | Learned a level 1 spell: Apportation
  9331 | D:7      | Reached skill level 11 in Stealth
  9355 | D:7      | Found an iron altar of Okawaru.
  9525 | D:8      | Found a bloodstained altar of Trog.
  9534 | D:8      | Reached skill level 1 in Invocations
  9927 | D:8      | Reached XP level 10. HP: 71/71 MP: 14/14
 10093 | D:8      | Reached **** piety under Uskayaw
 10097 | D:8      | Reached ***** piety under Uskayaw
 10130 | D:8      | Found a staircase to the Lair.
 10165 | D:8      | Reached skill level 12 in Stealth
 10298 | Lair:1   | Entered Level 1 of the Lair of Beasts
 10324 | Lair:1   | Noticed a black mamba
 10331 | Lair:1   | Killed a black mamba
 10394 | Lair:1   | Noticed a spiny frog
 10395 | Lair:1   | Noticed a black mamba
 10406 | Lair:1   | Killed a spiny frog
 10408 | Lair:1   | Killed a black mamba
 10519 | Lair:1   | Noticed a spiny frog
 10526 | Lair:1   | Killed a spiny frog
 10557 | Lair:1   | Noticed a black mamba
 10567 | Lair:1   | Killed a black mamba
 10567 | Lair:1   | Reached skill level 5 in Ice Magic
 10593 | Lair:1   | Noticed a black mamba
 10611 | Lair:1   | Reached skill level 13 in Stealth
 10663 | Lair:1   | Reached skill level 5 in Fighting
 10808 | Lair:1   | Reached XP level 11. HP: 69/79 MP: 15/15
 11416 | Lair:2   | Reached skill level 14 in Stealth
 11761 | Lair:2   | Found a hole to the Spider Nest.
 11762 | Lair:2   | Noticed a wolf spider
 11768 | Lair:2   | HP: 4/80 [jumping spider (14)]
 11768 | Lair:2   | Slain by a jumping spider

Skill      XL: |  1  2  3  4  5  6  7  8  9 10 11 |
---------------+----------------------------------+-----
Stealth        | 5 6 7 8 10 11 13 14 | 14.0
Hexes          | 5 6 7 9 11 12 13 | 13.2
Short Blades   | 2 3 4 5 6 7 |  7.2
Ice Magic      | 1 2 3 4 5 |  5.0
Fighting       | 1 2 3 4 5 |  5.5
Dodging        | 3 4 5 6 7 |  7.1
Spellcasting   | 3 |  3.0
Invocations    | 1 3 |  3.9

Action                   |  1- 3 |  4- 6 |  7- 9 | 10-12 || total
-------------------------+-------+-------+-------+-------++-------
Melee: Dagger            |    76 |    49 |   213 |    93 ||   431
       Bite              |     3 |     5 |    21 |     4 ||    33
       Short sword       |       |    56 |     8 |     4 ||    68
       Unarmed           |       |     7 |    10 |       ||    17
       Hand axe          |       |       |    10 |       ||    10
 Fire: Hunting sling     |       |       |     4 |     1 ||     5
Throw: Stone             |       |       |     2 |       ||     2
       Throwing net      |       |       |       |     1 ||     1
 Cast: Corona            |    14 |     1 |       |       ||    15
       Ensorcelled Hiber |    27 |    46 |    66 |    52 ||   191
       Confuse           |     1 |    16 |    25 |    10 ||    52
       Tukima's Dance    |       |       |     3 |       ||     3
       Animate Skeleton  |       |       |     7 |    27 ||    34
Invok: Line Pass         |       |       |     3 |     4 ||     7
       Stomp             |       |       |     2 |     1 ||     3
 Abil: Bat Form          |       |     6 |     5 |     2 ||    13
       End Transformatio |       |     6 |     5 |     1 ||    12
  Use: Scroll            |       |     5 |    11 |     2 ||    18
       Potion            |       |       |     2 |     2 ||     4
 Stab: Sleeping          |    23 |    40 |    61 |    38 ||   162
       Confused          |       |     1 |    21 |     9 ||    31
       Paralysed         |       |       |     1 |     6 ||     7
       Distracted        |       |       |     1 |     1 ||     2
Armor: Robe              |    12 |    10 |    36 |    12 ||    70
Dodge: Dodged            |    54 |    65 |   113 |    74 ||   306
